 Dungeon Crawl Stone Soup version 0.26.1-11-gd32895ea62 (webtiles) character file.

Game seed: 17936130968032449923

917 phalm the Conjurer (level 7, -2/51 HPs)
             Began as a Demonspawn Conjurer on June 20, 2021.
             Slain by a howler monkey (7 damage)
             ... on level 6 of the Dungeon.
             The game lasted 00:13:51 (6471 turns).

phalm the Conjurer (Demonspawn Conjurer)            Turns: 6471, Time: 00:13:51

Health: -2/51      AC:  3    Str:  7    XL:     7   Next: 83%
Magic:  9/12       EV: 12    Int: 22    God:
Gold:   370        SH:  0    Dex: 11    Spells: 0/12 levels left

rFire    + . .     SeeInvis .   E - +1 shortbow (flame)
rCold    . . .     Faith    .   (shield currently unavailable)
rNeg     . . .     Spirit   .   a - +0 robe
rPois    +         Reflect  .   (no helmet)
rElec    .         Harm     .   (no cloak)
rCorr    .         Rampage  .   w - +0 pair of gloves
Will     .....                  (no boots)
Stlth    ++........             u - amulet of inaccuracy (curse)
HPRegen  0.17/turn              F - ring of protection from fire
MPRegen  0.13/turn              P - ring of poison resistance

@: mighty
A: talons 2, powered by pain 1, spiny 1
a: no special abilities


You were on level 6 of the Dungeon.
You visited 1 branch of the dungeon, and saw 6 of its levels.

You collected 370 gold pieces.


Innate Abilities, Weirdness & Mutations

You have razor-sharp toenails.
You sometimes gain a little power by taking damage.
You are partially covered in sharp spines.


   Skills:
 + Level 2.9 Fighting
 - Level 1.7 Dodging
 - Level 1.7 Stealth
 * Level 3.1 Shields
 + Level 3.4 Spellcasting
 * Level 6.1 Conjurations
 * Level 3.3 Hexes
 * Level 3.0 Summonings
 * Level 0.2 Translocations


You couldn't memorise any spells.
You knew the following spells:

 Your Spells              Type           Power        Failure   Level
c - Call Imp              Summ           17%          4%          2
d - Dazzling Flash        Conj/Hex       48%          4%          3
m - Magic Dart            Conj           100%         1%          1
s - Searing Ray           Conj           60%          1%          2
X - Iskenderun's Mystic   Conj/Tloc      17%          32%         4

Your spell library contained the following spells:

 Spells                   Type           Power        Failure   Level
 Corona                   Hex            20%          3%          1
 Summon Small Mammal      Summ           68%          3%          1
 Call Canine Familiar     Summ           17%          10%         3
 Summon Guardian Golem    Hex/Summ       17%          10%         3
 Apportation              Tloc           8%           11%         1
 Animate Skeleton         Necr           6%           12%         1
 Fulminant Prism          Conj/Hex       12%          17%         4
 Summon Ice Beast         Ice/Summ       10%          54%         4
 Summon Lightning Spire   Summ/Air       10%          54%         4

Inventory:

Hand Weapons
 d - a +0 dagger
   (You found it on level 1 of the Dungeon)
 e - a +0 short sword
   (You took it off a kobold on level 1 of the Dungeon)
 E - a +1 shortbow of flaming (weapon)
   (You took it off a centaur on level 5 of the Dungeon)
Missiles
 b - 213 stones
 f - 13 bolts
 h - 8 datura-tipped darts
 i - 65 arrows (quivered ammo)
 t - 20 sling bullets
 z - a throwing net {=f!f}
 A - 3 boomerangs
Armour
 a - a +0 robe (worn)
 r - a +0 buckler
   (You found it on level 2 of the Dungeon)
 w - a +0 pair of gloves (worn)
   (You found it on level 4 of the Dungeon)
Jewellery
 u - a cursed amulet of inaccuracy (around neck)
   (You found it on level 3 of the Dungeon)
 F - a ring of protection from fire (left hand)
   (You found it on level 1 of the Dungeon)
 P - a ring of poison resistance (right hand)
   (You found it on level 3 of the Dungeon)
Wands
 q - a wand of enslavement (7)
   (You found it on level 2 of the Dungeon)
Scrolls
 c - 6 scrolls of identify {unknown}
 g - a scroll of immolation {unknown}
 l - 3 scrolls of enchant armour {unknown}
 m - 3 scrolls of teleportation {unknown}
 n - 2 scrolls of enchant weapon {unknown}
 v - a scroll of random uselessness {unknown}
 x - 2 scrolls of remove curse {unknown}
 y - a scroll of fear {unknown}
 B - a scroll of magic mapping {unknown}
 C - 2 scrolls of blinking {unknown}
Potions
 j - 2 potions of flight {unknown}
 k - 2 potions of magic {unknown}
 o - 2 potions of degeneration {unknown}
 p - a potion of cancellation {unknown}
 s - a potion of resistance {unknown}
 D - a potion of lignification {unknown}

Dungeon Overview and Level Annotations

Branches:
Dungeon (6/15)             Temple (0/1) D:5

Altars:
Ashenzari
Okawaru
Yredelemnul

Shops:
D:4

[ ..... ...!...##.
.....# #..........
...... #..........
..##.... ###..........
........##...# .......
........Z...##.......
.....##...#Z......$..
.##...#..##.h........
.....J..#####@Y......
...##.os.###.......#. .
###....###.....## ...
##.......?#.....# ...
##.........$.....#
...##...#..............
...#....#5.........###..
.<.....5............ ..
..................


You could see a sky beast, a howler monkey and a quokka skeleton.


Message History

😮 HP[+1]
A scorpion comes into view.
The orc warrior misses your white imp.
Your white imp hits the orc warrior.
Your white imp freezes the orc warrior.
Your crimson imp hits the orc warrior but does no damage.
Your white imp hits the orc warrior but does no damage.
The orc barely misses your white imp.
The orc warrior barely misses your white imp.
Your white imp closely misses the orc warrior.
Your white imp hits the orc warrior.
Your white imp freezes the orc warrior.
Your crimson imp hits the orc warrior but does no damage.
Fire: 67 arrows
Press: ? - help, Q - select action, (/) - cycle Shift-Dir - straight line, f - scorpion, p - orc warrior
Aim: a scorpion (38% to hit)
You shoot an arrow. The arrow barely misses the scorpion.
Your white imp hits the orc warrior.
Your white imp freezes the orc warrior.
Your crimson imp hits the orc warrior.
Your white imp gestures at the orc warrior.
The puff of frost hits the orc warrior.
The orc hits your white imp with a +0 flail.
The orc warrior misses your white imp.
Fire: 66 arrows
Press: ? - help, Q - select action, (/) - cycle Shift-Dir - straight line, f/p - scorpion
Aim: a scorpion (38% to hit)
You shoot an arrow.
The arrow hits the scorpion but does no damage.
Your white imp hits the orc warrior but does no damage.
Your crimson imp hits the orc warrior but does no damage.
Your white imp hits the orc warrior but does no damage.
The orc warrior hits your white imp with a +0 dire flail!
Your white imp dies!
The orc hits your white imp with a +0 flail!
Your white imp dies!
The orc warrior shouts! 😮 MP[+1]
Casting: Call Imp (safe; 4% risk of failure)
Confirm with . or Enter, or press ? or * to list all spells.
A beastly little devil appears in a puff of flame.
Your crimson imp closely misses the orc warrior. 😮 MP[-2]
You lost 2 mp, and now have 9/12 mp.
Your crimson imp hits the orc warrior but does no damage.
The orc hits your crimson imp with a +0 flail.
Your crimson imp blinks! 😮 HP[+1]
Casting: Call Imp (safe; 4% risk of failure)
Confirm with . or Enter, or press ? or * to list all spells.
A beastly little devil appears in a puff of flame.
Your crimson imp hits the orc warrior.
The orc warrior hits you with a +0 dire flail!!
* * * LOW HITPOINT WARNING * * *
You focus on the pain.
You feel very mighty all of a sudden.
The orc misses your crimson imp. 😱 HP[-22] MP[-2]
You take 22 damage, and now have 5/51 hp.
MASSIVE DAMAGE!! (PAUSE)
You lost 2 mp, and now have 7/12 mp.
You swap places.
Your crimson imp misses the orc warrior.
The scorpion stings your crimson imp. The orc warrior closely misses you.
Your crimson imp hits the orc warrior but does no damage.
Your crimson imp misses the orc warrior.
The orc warrior misses your crimson imp.
Your crimson imp blinks!
A howler monkey comes into view.
The howler monkey howls!
The orc barely misses your crimson imp.
Your crimson imp barely misses the orc warrior.
Your crimson imp blinks! x2
The orc hits your crimson imp with a +0 flail.
Your crimson imp blinks!
The scorpion closely misses your crimson imp. 😱 HP[+1]
Okay, then.
Your crimson imp completely misses the scorpion.
The scorpion misses your crimson imp.
The howler monkey hoots and howls with incredible vigour!
You hear a shout!
You hear a croak. 😱 MP[+1]
Your crimson imp blinks!
The howler monkey hits you.
* * * LOW HITPOINT WARNING * * *
😱 HP[-3]
You take 3 damage, and now have 3/51 hp.
Unknown command.
The orc warrior hits your crimson imp with a +0 dire flail.
A quokka skeleton comes into view.
An ooze comes into view.
The ooze moves out of view. 😱 HP[+1]
A centaur zombie comes into view.
The howler monkey is struck by your spines.
The howler monkey barely misses you.
The centaur zombie moves out of view.
The ooze quivers. 😱 MP[+1]
A sky beast comes into view. 😱 HP[+1]
The howler monkey hits you!
You die...

Skill      XL: |  1  2  3  4  5  6  7 |
---------------+----------------------+-----
Fighting       | 1 2 |  2.9
Conjurations   | 5 6 |  6.1
Hexes          | 1 2 3 |  3.3
Shields        | 1 2 3 |  3.1
Summonings     | 1 2 3 |  3.0
Spellcasting   | 3 |  3.4
Dodging        | |  1.7
Stealth        | |  1.7
Translocations | |  0.2

Action                   |  1- 3 |  4- 6 |  7- 9 || total
-------------------------+-------+-------+-------++-------
Melee: Dagger            |     7 |       |       ||     7
       Unarmed           |     3 |       |       ||     3
       Short sword       |     2 |    18 |     7 ||    27
       Kick              |       |     5 |     3 ||     8
 Fire: Shortbow          |       |       |    32 ||    32
Throw: Dart              |       |     3 |     1 ||     4
       Boomerang         |       |       |     1 ||     1
 Cast: Magic Dart        |    70 |   103 |    11 ||   184
       Searing Ray       |       |    13 |    10 ||    23
       Call Imp          |       |       |     6 ||     6
Evoke: Wand              |       |     4 |       ||     4
  Use: Potion            |       |       |     1 ||     1
Armor: Robe              |     6 |     5 |     5 ||    16
Dodge: Dodged            |    17 |    32 |    16 ||    65

Levels and vault maps discovered:
D:1:      dpeg_arrival_tiny_c, layout_rooms
D:2:      layout_loops_ring, general_overflow_altar,
          chequers_ecumenical_altar_grove, skrybe_limestone_x, uniq_jessica
D:3:      layout_basic, lemuel_round_altar
D:4:      kennysheep_big_flooded_room, layout_rooms, serial_shops, shop_coins
D:5:      layout_loops_ring, lemuel_zombie_altar_yredelemnul,
          minmay_temple_entry_stoned_glass, grunt_decor_arrowhead,
          minmay_a_box_with_orc_wizards_in_it
D:6:      layout_cave_pools, lemuel_doored_altar,
          grunt_dithmenos_smoke_and_mirrors, uniq_eustachio

Notes
Turn   | Place    | Note
-------+----------+-------------------------------------------
     0 | D:1      | phalm the Demonspawn Conjurer began the quest for the Orb.
     0 | D:1      | Reached XP level 1. HP: 13/13 MP: 3/3
     0 | D:1      | magus.rc [v1.9.10]
   269 | D:1      | Gained mutation: You sometimes gain a little power by
                  | taking damage. [demonic ancestry]
   269 | D:1      | Reached XP level 2. HP: 20/20 MP: 0/5
   272 | D:1      | Learned a level 2 spell: Searing Ray
   659 | D:1      | Reached skill level 1 in Fighting
  1181 | D:2      | Reached XP level 3. HP: 26/26 MP: 4/6
  1560 | D:2      | Noticed Jessica
  1567 | D:2      | Killed Jessica
  1572 | D:2      | Learned a level 3 spell: Dazzling Flash
  1669 | D:2      | Reached XP level 4. HP: 32/32 MP: 1/7
  1874 | D:2      | Found a faded altar of an unknown god.
  1992 | D:2      | Found an iron altar of Okawaru.
  2071 | D:3      | Noticed an ogre
  2229 | D:3      | Found a broken altar of Ashenzari.
  2491 | D:3      | Reached skill level 5 in Conjurations
  3240 | D:4      | Reached skill level 1 in Hexes
  3334 | D:4      | You pick up a book of Callings and begin reading...
  3334 | D:4      | You add the spells Summon Small Mammal, Call Imp, Call
                  | Canine Familiar, Summon Guardian Golem, Summon Lightning
                  | Spire and Summon Ice Beast to your library.
  3338 | D:4      | Learned a level 2 spell: Call Imp
  3387 | D:4      | Reached skill level 1 in Shields
  3387 | D:4      | You feel monstrous as your demonic heritage exerts itself.
  3387 | D:4      | Gained mutation: You have sharp toenails. [demonic
                  | ancestry]
  3387 | D:4      | Reached XP level 5. HP: 38/38 MP: 0/9
  3846 | D:5      | Entered Level 5 of the Dungeon
  3993 | D:5      | Reached skill level 2 in Fighting
  4055 | D:5      | Noticed an ice beast
  4062 | D:5      | Killed an ice beast
  4063 | D:5      | Reached skill level 1 in Summonings
  4063 | D:5      | Gained mutation: You have razor-sharp toenails. [demonic
                  | ancestry]
  4063 | D:5      | Reached XP level 6. HP: 44/44 MP: 0/10
  4106 | D:5      | Reached skill level 2 in Hexes
  4384 | D:4      | Found Dyitz's Armour Emporium.
  4493 | D:4      | HP: 10/44 [hound (5)]
  4545 | D:5      | Reached skill level 2 in Shields
  4545 | D:5      | Reached skill level 3 in Spellcasting
  5012 | D:5      | Reached skill level 2 in Summonings
  5015 | D:5      | Gained mutation: You are partially covered in sharp spines.
                  | [demonic ancestry]
  5015 | D:5      | Reached XP level 7. HP: 34/51 MP: 1/11
  5139 | D:5      | You pick up a book of Cantrips and begin reading...
  5139 | D:5      | You add the spells Corona, Animate Skeleton and Apportation
                  | to your library.
  5343 | D:5      | Reached skill level 3 in Hexes
  5510 | D:5      | Reached skill level 6 in Conjurations
  5619 | D:5      | Found a staircase to the Ecumenical Temple.
  6014 | D:5      | Found a basalt altar of Yredelemnul.
  6063 | D:6      | Reached skill level 3 in Shields
  6063 | D:6      | Reached skill level 3 in Summonings
  6154 | D:6      | HP: 9/51 [orc warrior/+0 dire flail (29)]
  6407 | D:5      | Learned a level 4 spell: Iskenderun's Mystic Blast
  6454 | D:6      | HP: 5/51 [orc warrior/+0 dire flail (22)]
  6461 | D:6      | HP: 3/51 [howler monkey (3)]
  6471 | D:6      | Slain by a howler monkey

Vanquished Creatures
  An ice beast (D:5)
  A black bear (D:5)
  A centaur (D:5)
  A scorpion (D:5)
  2 hounds
  2 orc priests (D:5)
  7 orc wizards
  Jessica (D:2)
  3 worker ants (D:5)
  A howler monkey zombie (D:5)
  2 worker ant zombies (D:5)
  3 adders
  2 white imps
  An adder skeleton (D:4)
  2 worms
  4 dart slugs
  3 leopard geckos
  8 orcs
  A ball python (D:2)
  4 bats
  4 giant cockroaches
  10 goblins
  10 hobgoblins
  4 jackals
  5 kobolds (D:1)
  3 quokkas
  A ball python skeleton (D:4)
  A frilled lizard (D:4)
  2 gnoll zombies (D:5)
  9 rats
99 creatures vanquished.

Vanquished Creatures (collateral kills)
  A hound (D:6)
  2 orcs
3 creatures vanquished.

Grand Total: 102 creatures vanquished

Table legend:
 A = Non-vault XP
 B = Vault XP
 C = Vault XP percentage of total XP
 D = Non-vault monster count
 E = Vault monster count
 F = Vault count percentage of total count
                 A         B        C        D         E       F
            +---------+---------+-------+---------+---------+-------
      Total |    1029 |     281 |  21.5 |      92 |      10 |   9.8
            +---------+---------+-------+---------+---------+-------
        D:1 |      38 |       0 |   0.0 |      23 |       0 |   0.0
        D:2 |      29 |      37 |  56.1 |       9 |       1 |  10.0
        D:3 |      68 |       0 |   0.0 |      26 |       0 |   0.0
        D:4 |      36 |      11 |  23.4 |       9 |       1 |  10.0
        D:5 |     749 |     233 |  23.7 |      20 |       8 |  28.6
        D:6 |     109 |       0 |   0.0 |       5 |       0 |   0.0
            +---------+---------+-------+---------+---------+-------

Illustrated notes

Table legend:
 A = Kills in this place as a percentage of kills in entire the game.
 B = Kills by you in this place as a percentage of kills by you in the entire game.
 C = Kills by friends in this place as a percentage of kills by friends in the entire game.
 D = Other kills in this place as a percentage of other kills in the entire game.
 E = Experience gained in this place as a percentage of experience gained in the entire game.
 F = Experience gained in this place divided by the number of levels of this place that you have seen.
                   A       B       C       D       E      F
               +-------+-------+-------+-------+-------+----------------------
         Total | 100.0 | 100.0 | 100.0 |   N/A | 100.0 | 218.3
       Dungeon | 100.0 | 100.0 | 100.0 |   N/A | 100.0 | 218.3
               +-------+-------+-------+-------+-------+----------------------

Table legend: (Time is in decaauts)
 A = Elapsed time spent in this place.
 B = Non-inter-level travel time spent in this place.
 C = Inter-level travel time spent in this place.
 D = Time resting spent in this place.
 E = Time spent auto-exploring this place.
 F = Levels seen in this place.
 G = Mean time per level.
                   A        B        C        D        E       F      G
               +--------+--------+--------+--------+--------+-----+--------+
         Total |   6483 |   6227 |    256 |     21 |   5531 |   6 | 1080.5 |
       Dungeon |   6483 |   6227 |    256 |     21 |   5531 |   6 | 1080.5 |
               +--------+--------+--------+--------+--------+-----+--------+

Top non-repeatable levels by time:
     D:5: 2005 daAuts
     D:3: 1146 daAuts
     D:4: 1079 daAuts
     D:1: 1058 daAuts
     D:2: 1029 daAuts
     D:6: 164 daAuts
